 Dungeon Crawl Stone Soup version 0.31-a0-217-g58bb5d79cf (webtiles) character file.

Game seed: 15913372147924066570

81 qw the Shooter (level 4, 0/26 HPs)
             Began as a Gargoyle Hexslinger on July 2, 2023.
             Slain by a gnoll
             ... wielding a +0 spear
              (6 damage)
             ... on level 3 of the Dungeon.
             The game lasted 00:00:45 (2147 turns).

qw the Shooter (Gargoyle Hexslinger)                Turns: 2147, Time: 00:00:45

Health: 0/26       AC: 11    Str: 11    XL:     4   Next: 40%
Magic:  5/5        EV: 10    Int: 14    God:
Gold:   63         SH:  0    Dex: 20    Spells: 4/5 levels left

rFire   . . .        Y - +2 sling (freeze)
rCold   . . .        (no shield)
rNeg    + . .        j - +0 ring mail
rPois   inf          (no helmet)
rElec   +            (no cloak)
rCorr   .            e - +2 pair of gloves
SInv    .            (no boots)
Will    .....        (no amulet)
Stlth   +            i - +6 ring of dexterity
HPRegen 0.24/turn    (no ring)
MPRegen 0.09/turn

%: no passive effects
@: no status effects
A: sickness immunity, AC +3, negative energy resistance 1, electricity
resistance, torment resistance 1, petrification resistance
a: no special abilities


You were on level 3 of the Dungeon.
You visited 1 branch of the dungeon, and saw 3 of its levels.

You collected 115 gold pieces.
You spent 52 gold pieces at shops.


Innate Abilities, Weirdness & Mutations

You are immune to sickness and miasma.
Your stone body is resilient. (AC +3)
You are immune to poison.
You resist negative energy. (rN+)
You are resistant to electric shocks. (rElec)
You are resistant to unholy torment.
You are immune to petrification.


   Skills:
 - Level 2.0 Fighting
 + Level 4.0 Ranged Weapons
 - Level 1.0 Armour
 - Level 1.5 Dodging
 - Level 1.0 Spellcasting
 - Level 2.6 Hexes


You had 4 spell levels left.
You knew the following spells:

 Your Spells              Type           Power      Damage    Failure   Level
a - Slow                  Hex            32%        N/A       21%         1

Your spell library contained the following spells:

 Spells                   Type           Power      Damage    Failure   Level
 Inner Flame              Hex/Fire       4%         N/A       71%         3
 Portal Projectile        Hex/Tloc       8%         N/A       71%         3
 Cause Fear               Hex            4%         N/A       90%         4

Inventory:

Hand Weapons
 Y - a +2 sling of freezing (weapon)
Armour
 e - a +2 pair of gloves (worn)
 j - a +0 ring mail (worn)
Jewellery
 i - a +6 ring of dexterity (left hand)
Scrolls
 c - 2 scrolls of identify
 f - a scroll of teleportation
Potions
 a - a potion of ambrosia {unknown}
 b - a potion of might
 h - a potion of lignification {unknown}
 k - 2 potions of curing

Dungeon Overview and Level Annotations

Branches:
Dungeon (3/15)

Altars:

Shops:
D:2 !


Message History

The gnoll shouts!
The sling bullet hits the gnoll.
The sling bullet freezes the gnoll.
The gnoll is moderately wounded.
A gnoll comes into view. It is wielding a +0 spear.
You shoot a sling bullet. The gnoll shouts!
The sling bullet hits the gnoll.
The sling bullet freezes the gnoll.
The gnoll is severely wounded.
You shoot a sling bullet.
The sling bullet barely misses the gnoll.
The sling bullet hits the gnoll.
The sling bullet freezes the gnoll.
The gnoll is heavily wounded.
You shoot a sling bullet. The sling bullet hits the gnoll!
The sling bullet freezes the gnoll.
You kill the gnoll!
Your Ranged Weapons skill increases to level 4!
You shoot a sling bullet.
The sling bullet barely misses the gnoll.
The sling bullet closely misses the gnoll.
The gnoll hits you but does no damage.
You shoot a sling bullet.
The sling bullet barely misses the gnoll.
The gnoll closely misses you.
The gnoll hits you but does no damage. x2
The gnoll hits you with a +0 flail. The gnoll barely misses you.
The gnoll hits you with a +0 flail.
You shoot a sling bullet. The sling bullet hits the gnoll.
The sling bullet freezes the gnoll.
The gnoll is moderately wounded.
The gnoll hits you but does no damage. The gnoll barely misses you.
The gnoll hits you with a +0 flail.
You shoot a sling bullet.
The sling bullet completely misses the gnoll.
The gnoll hits you but does no damage. x3
You shoot a sling bullet.
The sling bullet hits the gnoll but does no damage.
The gnoll is moderately wounded.
The gnoll hits you with a +0 flail! The gnoll hits you but does no damage.
The gnoll closely misses you. The gnoll hits you with a +0 flail.
The gnoll hits you from afar with a +0 spear.
You die...

...............###.#
....####...........####
....####%......#......#
###...##.......#...####
#..#.##.......#..##
#........>.......#
##.#..........#.###
.......>....#...#####
..............#.@g).#
##.######....#...gg....<
#.# #...............
...# #..#............
...# #..#......?.....
..## #. #..!.........
..# ...$......... ..#
.........$....


You could see 3 gnolls.

Vanquished Creatures
  A gnoll (D:3)
  An adder (D:3)
  2 dart slugs (D:3)
  An orc (D:2)
  5 bats
  4 endoplasms
  A giant cockroach (D:1)
  6 goblins
  4 hobgoblins
  6 jackals (D:2)
  2 quokkas (D:1)
  5 ball pythons
  4 frilled lizards
  4 kobolds
  7 rats
53 creatures vanquished.

Notes
Turn   | Place    | Note
-------+----------+-------------------------------------------
     0 | D:1      | qw the Gargoyle Hexslinger began the quest for the Orb.
     0 | D:1      | Reached XP level 1. HP: 12/12 MP: 2/2
     0 | D:1      | 0 ||| qw: Version: 0.3-a-40-ge99b1a8
     0 | D:1      | 0 ||| qw: Game counter: 75
     0 | D:1      | 0 ||| qw: Melee chars always use a shield: true
     0 | D:1      | 0 ||| qw: God list: Okawaru
     0 | D:1      | 0 ||| qw: Allow faded altars: false
     0 | D:1      | 0 ||| qw: Do Orc after clearing Dungeon:15 true
     0 | D:1      | 0 ||| qw: Do second Lair branch before Depths: true
     0 | D:1      | 0 ||| qw: Lair rune preference: random
     0 | D:1      | 0 ||| qw: Goals: Normal
     0 | D:1      | 0 ||| PLANNING D:1-11
   324 | D:1      | Reached XP level 2. HP: 16/16 MP: 3/3
   601 | D:1      | Reached skill level 3 in Ranged Weapons
   953 | D:1      | 953 ||| UPGRADING to +2 pair of gloves.
   958 | D:1      | 958 ||| UPGRADING to +0 ring mail.
   968 | D:1      | 968 ||| DROPPING +0 robe.
   969 | D:1      | 969 ||| READING scroll labelled YRPHER YJERYTA.
   970 | D:1      | 970 ||| READING scroll labelled LIAZORE EDOI.
   971 | D:1      | 971 ||| READING scroll labelled MINTUE LARPHOCW.
   972 | D:1      | 972 ||| READING scroll labelled NIUDEI QYWIM.
   976 | D:1      | 976 ||| DROPPING scroll of poison.
  1091 | D:2      | Reached XP level 3. HP: 21/21 MP: 4/4
  1156 | D:2      | Found Vekkenk's Distillery.
  1191 | D:2      | 1191 ||| SHOPLISTING 2 potions of heal wounds (130 gold,
                  | have 54).
  1191 | D:2      | 1191 ||| SHOPLISTING 2 potions of resistance (260 gold,
                  | have 54).
  1191 | D:2      | 1191 ||| SHOPLISTING potion of heal wounds (65 gold, have
                  | 54).
  1191 | D:2      | 1191 ||| BUYING potion of might (52 gold).
  1191 | D:2      | Bought a potion of might for 52 gold pieces
  1377 | D:2      | Reached skill level 1 in Armour
  1545 | D:2      | Found a faded altar of an unknown god.
  1851 | D:2      | 1851 ||| UPGRADING to +6 ring of dexterity.
  1852 | D:2      | 1852 ||| READING scroll labelled CUURAO POME.
  1853 | D:2      | 1853 ||| READING scroll labelled TUULLU CASOGA.
  1854 | D:2      | 1854 ||| DRINKING 3 pink potions.
  1855 | D:2      | 1855 ||| READING 2 scrolls of identify.
  1855 | D:2      | 1855 ||| IDENTIFYING fuming white potion
  1856 | D:2      | 1856 ||| DROPPING potion of invisibility.
  1972 | D:3      | Reached XP level 4. HP: 26/26 MP: 5/5
  2143 | D:3      | Reached skill level 4 in Ranged Weapons
  2147 | D:3      | HP: 6/26 [gnoll/+0 flail (2)]
  2147 | D:3      | Slain by a gnoll

Levels and vault maps discovered:
D:1:      psy_arrival_fountain, layout_loops_corners
D:2:      layout_basic, ebering_ecumenical_altar_webs, serial_shops,
          nicolae_shop_peninsula
D:3:      layout_rooms, grunt_temple_overflow_open,
          chequers_serial_rivers_marsh, hangedman_feature_mirror

Skill      XL: |  1  2  3  4 |
---------------+-------------+-----
Ranged Weapons | 3 4 |  4.0
Fighting       | 2 |  2.0
Armour         | 1 |  1.0
Dodging        | |  1.5
Spellcasting   | |  1.0
Hexes          | |  2.6

Action                     |  1- 3 |  4- 6 || total
---------------------------+-------+-------++-------
   Fire: Sling             |   154 |    15 ||   169
    Use: Scroll            |     7 |       ||     7
         Potion            |     1 |       ||     1
 Armour: Robe              |    10 |       ||    10
         Ring mail         |    30 |     9 ||    39
  Dodge: Dodged            |    59 |     4 ||    63

Table legend:
 A = Non-vault XP
 B = Vault XP
 C = Vault XP percentage of total XP
 D = Non-vault monster count
 E = Vault monster count
 F = Vault count percentage of total count
                 A         B        C        D         E       F
            +---------+---------+-------+---------+---------+-------
      Total |     116 |       0 |   0.0 |      53 |       0 |   0.0
            +---------+---------+-------+---------+---------+-------
        D:1 |      32 |       0 |   0.0 |      21 |       0 |   0.0
        D:2 |      44 |       0 |   0.0 |      24 |       0 |   0.0
        D:3 |      40 |       0 |   0.0 |       8 |       0 |   0.0
            +---------+---------+-------+---------+---------+-------
